 Dungeon Crawl Stone Soup version 0.30.0-15-g856e2d3f33 (webtiles) character file.

Game seed: 490417415540154409

100 qw the Chopper (level 4, -3/28 HPs)
             Began as a Gargoyle Fighter on May 19, 2023.
             Slain by an orc priest
             ... wielding a +0 whip
              (6 damage)
             ... on level 4 of the Dungeon.
             The game lasted 00:01:14 (3093 turns).

qw the Chopper (Gargoyle Fighter)                   Turns: 3093, Time: 00:01:15

Health: -3/28      AC: 12    Str: 22    XL:     4   Next: 74%
Magic:  4/4        EV:  9    Int:  8    God:
Gold:   74         SH:  4    Dex:  9    Spells: 3/3 levels left

rFire   . . .        Y - +2 war axe
rCold   . . .        c - +0 buckler
rNeg    + . .        b - +0 scale mail
rPois   inf          m - +0 helmet
rElec   +            (no cloak)
rCorr   .            (no gloves)
SInv    .            e - +0 pair of boots
Will    .....        (no amulet) Stlth
                     (no ring)
HPRegen 0.24/turn    (no ring)
MPRegen 0.09/turn

%: no passive effects
@: about to teleport
A: sickness immunity, AC +3, negative energy resistance 1, electricity
resistance, torment resistance 1, petrification resistance
a: no special abilities


You were on level 4 of the Dungeon.
You visited 1 branch of the dungeon, and saw 4 of its levels.

You collected 178 gold pieces.
You spent 104 gold pieces at shops.


Innate Abilities, Weirdness & Mutations

You are immune to sickness and miasma.
Your stone body is resilient. (AC +3)
You are immune to poison.
You resist negative energy. (rN+)
You are resistant to electric shocks. (rElec)
You are resistant to unholy torment.
You are immune to petrification.


   Skills:
 - Level 3.2 Fighting
 + Level 4.3 Axes
 - Level 3.2 Armour
 - Level 3.2 Shields


You had 3 spell levels left.
You didn't know any spells.
Your spell library was empty.

Inventory:

Hand Weapons
 h - a +0 flail
 Y - a +2 war axe (weapon)
Armour
 b - a +0 scale mail (worn)
 c - a +0 buckler (worn)
 e - a +0 pair of boots (worn)
 l - a +0 pair of gloves
 m - a +0 helmet (worn)
 o - a +0 plate armour
Scrolls
 g - 5 scrolls of identify
 k - a scroll of teleportation
Potions
 a - a potion of cancellation
 d - a potion of might
 f - 2 potions of curing
 i - 3 potions of attraction
 j - a potion of resistance {unknown}
 n - a potion of ambrosia {unknown}

Dungeon Overview and Level Annotations

Branches:
Dungeon (4/15)
 Temple: D:4-7

Altars:

Shops:
D:3 *


Message History

You hit the hobgoblin.
You kill the hobgoblin!
You now have 74 gold pieces (gained 14).
You see here a scroll of blinking.
n - a sapphire potion
o - a +0 plate armour A ball python comes into view.
The ball python hisses angrily.
You slash the ball python!
You kill the ball python!
You see here a ball python corpse.
A giant cockroach comes into view.
You closely miss the giant cockroach. The giant cockroach barely misses you.
The giant cockroach bites you.
You completely miss the giant cockroach.
The giant cockroach barely misses you.
You slash the giant cockroach!
You kill the giant cockroach!
You start resting.
HP restored.
An orc and an orc priest come into view.
The orc shouts!
The orc priest shouts!
You hear a shout!
An orc comes into view. It is wielding a +0 flail.
An orc comes into view. It is wielding a +0 short sword.
The orc shouts! x2
An orc comes into view. It is wielding a +0 club.
A jelly comes into view.
The orc priest calls down the wrath of Beogh upon you.
Pain shoots through your body!
You hit the orc priest but do no damage.
You closely miss the orc. x2
The orc hits you with a +0 flail. The orc priest closely misses you.
The orc hits you with a +0 flail.
The orc priest mumbles some strange prayers to Beogh against you.
Beogh smites you!
3093 ||| READING 2 scrolls of teleportation.
As you read the scroll of teleportation, it crumbles to dust.
You feel strangely unstable. The orc barely misses you.
The orc priest hits you with a +0 whip.
You die...

#..# #..#.. #..#.#
#..#.# #### #..#.#
#######.####
...###..#.###...@oo.....
##.##...........oo......
#..%...........#o#.....
####.........##.#..J...
#..##.##### ###.....
###..##........ .....
#....########.# ....
#.##.# ### #.##.#


You could see a jelly, an orc priest and 4 orcs.

Vanquished Creatures
  Jessica (D:2)
  An adder (D:3)
  A worm (D:2)
  3 dart slugs
  5 bats
  4 endoplasms
  3 giant cockroaches
  4 hobgoblins
  3 jackals (D:1)
  8 ball pythons
  3 frilled lizards
  6 goblins
  7 kobolds
  8 rats
57 creatures vanquished.

Notes
Turn   | Place    | Note
-------+----------+-------------------------------------------
     0 | D:1      | qw the Gargoyle Fighter began the quest for the Orb.
     0 | D:1      | Reached XP level 1. HP: 14/14 MP: 1/1
     0 | D:1      | 0 ||| qw: Version: 0.2-a-96-g8eb1148
     0 | D:1      | 0 ||| qw: Game counter: 20
     0 | D:1      | 0 ||| qw: Always use a shield: true
     0 | D:1      | 0 ||| qw: God list: Okawaru
     0 | D:1      | 0 ||| qw: Allow faded altars: false
     0 | D:1      | 0 ||| qw: Do Orc after D:15 true
     0 | D:1      | 0 ||| qw: Do second Lair branch before Depths: true
     0 | D:1      | 0 ||| qw: Lair rune preference: random
     0 | D:1      | 0 ||| qw: Plans: Normal, Zot:1-4, God:TSO, Crypt, Tomb,
                  | Pan, Slime:5, Hells, Abyss, Win
     0 | D:1      | 0 ||| PLANNING D:1-11
    97 | D:1      | Reached skill level 2 in Axes
   126 | D:1      | 126 ||| Stepping ~*~*~tactically~*~*~ (stealth).
   133 | D:1      | Reached XP level 2. HP: 13/19 MP: 2/2
   252 | D:1      | 252 ||| DROPPING +0 club.
   281 | D:1      | 281 ||| Stepping ~*~*~tactically~*~*~ (stealth).
   383 | D:1      | Reached skill level 3 in Axes
   388 | D:1      | Reached XP level 3. HP: 11/23 MP: 3/3
   541 | D:1      | 541 ||| Stepping ~*~*~tactically~*~*~ (hiding).
   905 | D:1      | 905 ||| READING scroll labelled IHUMMI RAXUE.
   909 | D:1      | 909 ||| READING 5 scrolls labelled CUS UTUFOC.
   910 | D:1      | 910 ||| READING 3 scrolls labelled PONEH MIRGHEERGH.
   911 | D:1      | 911 ||| DRINKING 2 smoky emerald potions.
   912 | D:1      | 912 ||| DRINKING 2 coppery potions.
   913 | D:1      | 913 ||| DROPPING 2 scrolls of blinking.
  1109 | D:2      | 1109 ||| Stepping ~*~*~tactically~*~*~ (hiding).
  1220 | D:2      | Noticed Jessica
  1221 | D:2      | 1221 ||| Stepping ~*~*~tactically~*~*~ (hiding).
  1227 | D:2      | Killed Jessica
  1228 | D:2      | Reached XP level 4. HP: 28/28 MP: 4/4
  1240 | D:2      | Reached skill level 4 in Axes
  1481 | D:2      | 1481 ||| Stepping ~*~*~tactically~*~*~ (hiding).
  1729 | D:2      | 1729 ||| UPGRADING to +0 helmet.
  1734 | D:2      | 1734 ||| READING scroll labelled UFAPAL VITTU.
  1735 | D:2      | 1735 ||| READING scroll labelled YKUID FERPHUL.
  1736 | D:2      | 1736 ||| READING 2 scrolls labelled RYOC OR HUI.
  1737 | D:2      | 1737 ||| READING scroll labelled NAALOR ODWOINN.
  1738 | D:2      | 1738 ||| DROPPING scroll of vulnerability.
  2205 | D:3      | Found Nuicvaog's General Store.
  2213 | D:3      | 2213 ||| SHOPLISTING 2 potions of mutation (208 gold, have
                  | 107).
  2213 | D:3      | 2213 ||| BUYING potion of cancellation (104 gold).
  2213 | D:3      | Bought a potion of cancellation for 104 gold pieces
  2213 | D:3      | 2213 ||| SHOPLISTING potion of curing (39 gold, have 3).
  2213 | D:3      | 2213 ||| SHOPLISTING scroll of identify (26 gold, have 3).
  2296 | D:3      | Found a faded altar of an unknown god.
  2677 | D:3      | 2677 ||| UPGRADING to +0 pair of boots.
  2682 | D:3      | 2682 ||| READING 6 scrolls of identify.
  2682 | D:3      | 2682 ||| IDENTIFYING pink potion
  2683 | D:3      | 2683 ||| DROPPING potion of invisibility.
  2745 | D:4      | 2745 ||| Stepping ~*~*~tactically~*~*~ (hiding).
  2746 | D:4      | 2746 ||| Stepping ~*~*~tactically~*~*~ (hiding).
  2878 | D:4      | 2878 ||| READING scroll of enchant weapon.
  2878 | D:4      | 2878 ||| ENCHANTING +1 war axe.
  3092 | D:4      | HP: 3/28 [orc priest/divine providence (13)]
  3093 | D:4      | 3093 ||| READING 2 scrolls of teleportation.
  3093 | D:4      | Slain by an orc priest

Levels and vault maps discovered:
D:1:      ncdulo_lavacross, layout_loops_ring
D:2:      layout_loops_cross, uniq_jessica
D:3:      layout_loops_corners, nicolae_ecumenical_snake_handling, serial_shops,
          nicolae_shop_pleasant_corner_grove, dreamdust_mushroom_princess,
          wander_ebering_terrifying_dragon_lair
D:4:      layout_loops_ring, ebering_ghost_rock_garden, uniq_duvessa

Skill      XL: |  1  2  3  4 |
---------------+-------------+-----
Axes           | 2 3 4 |  4.3
Fighting       | |  3.2
Armour         | |  3.2
Shields        | |  3.2

Action                     |  1- 3 |  4- 6 || total
---------------------------+-------+-------++-------
  Melee: War axe           |   117 |    61 ||   178
    Use: Scroll            |     3 |     7 ||    10
         Potion            |     2 |       ||     2
 Armour: Scale mail        |    74 |    21 ||    95
  Dodge: Dodged            |    55 |    23 ||    78
  Block: Buckler           |    17 |    12 ||    29

Table legend:
 A = Non-vault XP
 B = Vault XP
 C = Vault XP percentage of total XP
 D = Non-vault monster count
 E = Vault monster count
 F = Vault count percentage of total count
                 A         B        C        D         E       F
            +---------+---------+-------+---------+---------+-------
      Total |     103 |      41 |  28.5 |      53 |       4 |   7.0
            +---------+---------+-------+---------+---------+-------
        D:1 |      51 |       0 |   0.0 |      31 |       0 |   0.0
        D:2 |      21 |      37 |  63.8 |      12 |       1 |   7.7
        D:3 |      18 |       4 |  18.2 |       4 |       3 |  42.9
        D:4 |      13 |       0 |   0.0 |       6 |       0 |   0.0
            +---------+---------+-------+---------+---------+-------
